 Dungeon Crawl Stone Soup version 0.21.1-1-g345015f (webtiles) character file.

20 Mirai the Sneak (level 2, 0/20 HPs)
             Began as a Vampire Enchanter on Mar 16, 2018.
             Killed from afar by an orc wizard (4 damage)
             ... with a magic dart
             ... on level 2 of the Dungeon.
             The game lasted 00:02:37 (902 turns).

Mirai the Sneak (Vampire Enchanter)                  Turns: 902, Time: 00:02:38

Health: 0/20       AC:  3    Str: 10    XL:     2   Next: 58%
Magic:  5/5        EV: 11    Int: 14    God:
Gold:   53         SH:  3    Dex: 14    Spells: 4/5 levels left

rFire    . . .     SeeInvis +   a - +1 dagger
rCold    . . .     Gourm    .   g - +0 buckler
rNeg     . . .     Faith    .   j - +0 leather armour
rPois    .         Spirit   .   (no helmet)
rElec    .         Reflect  .   (no cloak)
rCorr    .         Harm     .   (no gloves)
MR       .....                  (no boots)
Stlth    +++.......             (no amulet)
HPRegen  0.26/turn              i - +3 ring of strength
MPRegen  0.09/turn              r - -3 ring of intelligence (curse)

@: regenerating quickly
A: fangs 3, see invisible, unbreathing
a: no special abilities


You were on level 2 of the Dungeon.
You were very full.

You visited 1 branch of the dungeon, and saw 2 of its levels.

You collected 53 gold pieces.

Inventory:

Hand Weapons
 a - a +1 dagger (weapon)
 f - a +0 short sword
 k - a +0 short sword
 l - a +0 dagger
 o - a +0 short sword
Armour
 b - a +0 robe
 g - a +0 buckler (worn)
 j - a +0 leather armour (worn)
Jewellery
 i - a +3 ring of strength (left hand)
 m - an uncursed ring of positive energy {unknown}
 r - a cursed -3 ring of intelligence (right hand)
Scrolls
 e - 2 scrolls of remove curse {unknown}
 p - 2 scrolls of random uselessness {unknown}
 s - a scroll of identify {unknown}
Potions
 d - 2 potions of blood
 h - a potion of magic {unknown}
 n - 2 potions of heal wounds {unknown}
 q - a potion of curing {unknown}
Books
 c - a book of Maledictions

   Spells                             Type                      Level
   a - Corona                         Hexes                        1
   b - Ensorcelled Hibernation        Hexes/Ice                    2
   c - Confuse                        Hexes                        3
   d - Tukima's Dance                 Hexes                        3
   e - Dazzling Spray                 Conjuration/Hexes            3


   Skills:
 * Level 0.8 Fighting
 + Level 1.1 Short Blades
 + Level 2.3 Dodging
 + Level 4.9 Stealth
 + Level 2.1 Spellcasting
 + Level 4.8 Hexes


You had 4 spell levels left.
You knew the following spells:

 Your Spells              Type           Power        Failure   Level  Hunger
a - Corona                Hex            ###....      7%          1    ##.....


Dungeon Overview and Level Annotations

Branches:
Dungeon (2/15)

Altars:
Makhleb
Zin


Innate Abilities, Weirdness & Mutations

Your natural rate of healing is unusually fast.
You have razor-sharp teeth.
You have supernaturally acute eyesight. (SInv)
You can survive without breathing.


Message History

The orc wizard seems to speed up.
The orc wizard points at you and mumbles some strange words.
The magic dart hits you! The orc wizard closely misses you.
The orc wizard casts a spell.
The orc wizard blinks!
You hit the orc.
The orc is lightly wounded.
The orc hits you but does no damage.
You hit the orc but do no damage.
The orc is lightly wounded.
The orc hits you from afar with a trident.
* * * LOW HITPOINT WARNING * * *
Sorry, you're not good enough to have a special ability.
Sorry, you're not good enough to have a special ability.
The orc wizard casts a spell at you. The magic dart hits you!
* * * LOW HITPOINT WARNING * * *
The orc wizard points at you and mumbles some strange words.
The magic dart hits you!
You die...

#...###....########
###+.#.###..........
###.....####).########
#A#_.(._#2#####
###....)###
###'##.#### #...####.#
#...# #.# ##@#####.##
#...ooo..# #######..#
#..# #..# #..# #..#
#... ##.#


You could see an orc wizard and 2 orcs.

Vanquished Creatures
  2 bats
  3 goblins (D:1)
  3 hobgoblins (D:1)
  A quokka (D:2)
  A frilled lizard (D:2)
  7 kobolds
  4 rats
21 creatures vanquished.

Notes
Turn   | Place    | Note
-------+----------+-------------------------------------------
     0 | D:1      | Mirai the Vampire Enchanter began the quest for the Orb.
     0 | D:1      | Reached XP level 1. HP: 13/13 MP: 3/3
   345 | D:1      | Reached XP level 2. HP: 15/20 MP: 5/5
   868 | D:2      | Found a burning altar of Makhleb.
   870 | D:2      | Found a glowing silver altar of Zin.
   870 | D:2      | Noticed an angel
   870 | D:2      | Noticed a balrug
   902 | D:2      | Killed from afar by an orc wizard

Action                   || total
-------------------------++-------
Melee: Dagger            ||    67
       Bite              ||    12
 Stab: Sleeping          ||     3
  Eat: Corpse            ||     9
Armor: Robe              ||     9
       Leather armour    ||     7
Dodge: Dodged            ||    36
Block: Buckler           ||     3
